 Dungeon Crawl Stone Soup version 0.30-b1-2-g02819fbbbe (webtiles) character file.

Game seed: 7126074980069081671

54 Mesmaeker13 the Conjurer (level 3, -1/30 HPs)
             Began as a Demigod Reaver on July 15, 2023.
             Slain by an adder (2 damage)
             ... on level 2 of the Dungeon.
             The game lasted 00:02:34 (1273 turns).

Mesmaeker13 the Conjurer (Demigod Reaver)           Turns: 1273, Time: 00:02:35

Health: -1/30      AC:  4    Str: 19    XL:     3   Next: 44%
Magic:  18/18      EV: 12    Int: 19    God:
Gold:   95         SH:  0    Dex: 12    Spells: 5/6 levels left

rFire   . . .        i - +0 flail
rCold   . . .        (no shield)
rNeg    . . .        b - +0 leather armour
rPois   .            (no helmet)
rElec   .            (no cloak)
rCorr   .            (no gloves)
SInv    .            l - +0 pair of boots
Will    .....        (no amulet)
Stlth   +            f - ring of magical power
HPRegen 0.25/turn    e - +6 ring of strength
MPRegen 0.16/turn

%: no passive effects
@: no status effects
A: high MP 1, forlorn, divine attributes
a: no special abilities


You were on level 2 of the Dungeon.
You visited 1 branch of the dungeon, and saw 2 of its levels.

You collected 95 gold pieces.

Inventory:

Hand Weapons
 a - a +0 falchion
 i - a +0 flail (weapon)
Missiles
 k - 2 poisoned darts
Armour
 b - a +0 leather armour (worn)
 l - a +0 pair of boots (worn)
Jewellery
 e - a +6 ring of strength (right hand)
 f - a ring of magical power (left hand)
 g - an amulet of the acrobat
Potions
 c - a potion of degeneration {unknown}
 d - a potion of ambrosia
 j - a potion of magic


   Skills:
 + Level 2.4 Fighting
 - Level 2.6 Long Blades
 + Level 2.3 Dodging
 + Level 2.3 Spellcasting
 + Level 3.1 Conjurations


You had 5 spell levels left.
You knew the following spells:

 Your Spells              Type           Power      Damage    Failure   Level
a - Kiss of Death         Conj/Necr      32%        2d7       11%         1

Your spell library contained the following spells:

 Spells                   Type           Power      Damage    Failure   Level
 Momentum Strike          Conj/Tloc      16%        3d8       16%         2
 Hailstorm                Conj/Ice       8%         3d4       30%         3


Dungeon Overview and Level Annotations

Branches:
Dungeon (2/15)


Innate Abilities, Weirdness & Mutations

You have an increased reservoir of magic. (+10% MP)
You shall have no god before yourself.
Your divine heritage dramatically boosts your attributes as you level up.


Message History

The adder bites you but does no damage. The adder closely misses you.
You miss the adder.
The adder is heavily wounded.
The adder bites you.
* * * LOW HITPOINT WARNING * * *
The adder bites you but does no damage.
You barely miss the adder.
The adder is heavily wounded.
The adder barely misses you. The adder bites you.
* * * LOW HITPOINT WARNING * * *
You barely miss the adder.
The adder is heavily wounded.
The adder closely misses you.
You miss the adder.
The adder is heavily wounded.
The adder closely misses you. The adder barely misses you.
You barely miss the adder.
The adder is heavily wounded.
The adder barely misses you. The adder bites you but does no damage.
You miss the adder.
The adder is heavily wounded.
The adder bites you.
* * * LOW HITPOINT WARNING * * *
You are poisoned.
The adder poisons you! The adder misses you.
You barely miss the adder.
The adder is heavily wounded.
You feel sick. The adder closely misses you. The adder misses you.
You hit the adder.
The adder is severely wounded.
You feel sick.
The adder bites you but does no damage. x2
You closely miss the adder.
The adder is severely wounded.
You feel sick.
You are no longer poisoned.
The adder bites you.
* * * LOW HITPOINT WARNING * * *
It was a potion of magic.
Magic courses through your body. The adder misses you. The adder bites you.
You die...

#.^........# #....
#..........# #####
#..........##
#.......K....
#........... #...<..#
#.K# ##S# #@# (.....#
#.# .....# #.# .....#
#####.# #....####
#.....## #.......#
#≈≈≈##.†# ####.......#
#≈.≈###.####..........#
#≈.≈.........###......#
#≈.≈...................


You could see an adder and a kobold.

Vanquished Creatures
  An adder (D:2)
  A dart slug (D:1)
  2 bats (D:1)
  3 endoplasms (D:1)
  2 giant cockroaches (D:1)
  3 goblins
  6 hobgoblins
  4 jackals (D:1)
  6 kobolds
  A quokka (D:2)
  A ball python (D:1)
  2 frilled lizards (D:1)
  5 rats
37 creatures vanquished.

Notes
Turn   | Place    | Note
-------+----------+-------------------------------------------
     0 | D:1      | Mesmaeker13 the Demigod Reaver began the quest for the Orb.
     0 | D:1      | Reached XP level 1. HP: 17/17 MP: 5/5
   192 | D:1      | Reached XP level 2. HP: 24/24 MP: 7/7
   375 | D:1      | Reached skill level 3 in Conjurations
   520 | D:1      | Reached XP level 3. HP: 25/29 MP: 8/8
  1272 | D:2      | HP: 1/30 [adder (2)]
  1273 | D:2      | Slain by an adder

Illustrated notes

Levels and vault maps discovered:
D:1:      kennysheep_arrival_seaside, layout_loops_cross, minmay_small_reverse_x
D:2:      layout_rooms, chequers_serial_rivers_micro_d, grunt_decor_fettered,
          minmay_crystal_room

Skill      XL: |  1  2 |
---------------+-------+-----
Fighting       | 2 |  2.4
Dodging        | 2 |  2.3
Spellcasting   | 2 |  2.3
Conjurations   | 3 |  3.1
Long Blades    | |  2.6

Action                     || total
---------------------------++-------
  Melee: Falchion          ||    96
         Flail             ||    50
         Whip              ||     8
    Use: Potion            ||     3
 Armour: Leather armour    ||    56
  Dodge: Dodged            ||   101
